 Seeded DCSS version 0.30-a0-279-g4b46babb21 (webtiles) character file.

Game seed: 9700494114414739991 (custom seed)

32 hikkokomori the Trooper (level 3, 24/24 HPs)
             Began as a Gargoyle Berserker on Oct 17, 2022.
             Was a Believer of Trog.
             Got out of the dungeon alive.
             The game lasted 00:01:54 (529 turns).

hikkokomori the Trooper (Gargoyle Berserker)         Turns: 529, Time: 00:01:55

Health: 24/24      AC: 25    Str: 20    XL:     3   Next: 25%
Magic:  3/3        EV:  2    Int:  7    God:    Trog [**....]
Gold:   398        SH:  0    Dex: 11    Spells: 2/2 levels left

rFire   x . .      SeeInvis .    a - +0 hand axe
rCold   . . .      Faith    .    (no shield)
rNeg    + + .      Spirit   .    g - +7 crystal plate armour of the Quahog {rElec rF- rN+}
rPois   ∞          Reflect  .    (no helmet)
rElec   +          Harm     .    (no cloak)
rCorr   .          Rampage  .    (no gloves)
Will    .....                    (no boots)
Stlth   ..........               (no amulet)
HPRegen 0.24/turn                (no ring)
MPRegen 0.08/turn                (no ring)

@: no status effects
A: sickness immunity, AC +3, negative energy resistance 1, electricity
resistance, torment resistance 1, petrification resistance
a: Renounce Religion, Berserk, Trog's Hand


You escaped.
You worshipped Trog.
Trog was pleased with you.
You visited 1 branch of the dungeon, and saw 1 of its levels.

You collected 398 gold pieces.

Inventory:

Hand Weapons
 a - a +0 hand axe (weapon)
Armour
 b - a +0 animal skin
 g - the +7 crystal plate armour of the Quahog (worn) {rElec rF- rN+}
   (You acquired it on level 1 of the Dungeon)

   rF:        It makes you vulnerable to fire.
   rElec:     It insulates you from electricity.
   rN:        It protects you from negative energy.
 h - the +3 steam dragon scales of Love and Death {Str+3}
   (You acquired it on level 1 of the Dungeon)

   Str:       It affects your strength (+3).
Jewellery
 c - a ring of protection from cold
Scrolls
 d - a scroll of amnesia {unknown}
 f - a scroll of fog {unknown}
Potions
 e - 3 potions of berserk rage {unknown}


   Skills:
 + Level 3.6 Fighting
 + Level 3.0 Axes
 + Level 2.7 Armour
 + Level 2.0 Dodging


You had 2 spell levels left.
You didn't know any spells.
Your spell library was empty.

Dungeon Overview and Level Annotations

Branches:
Dungeon (1/15)

Altars:


Innate Abilities, Weirdness & Mutations

You are immune to sickness and miasma.
Your stone body is resilient. (AC +3)
You are immune to poison.
You resist negative energy. (rN+)
You are resistant to electric shocks. (rElec)
You are resistant to unholy torment.
You are immune to petrification.


Message History

Unknown command.
Key pressed, stopping explore.
No target in view!
There is an escape hatch in the floor here.
Done exploring.
Done exploring.
No target in view!
Key pressed, stopping explore.
No target in view!
Done exploring.
No target in view!
Key pressed, stopping explore.
No target in view!
This is a scroll of acquirement!
Something appears at your feet!
h - the +3 steam dragon scales of Love and Death {Str+3} Something appears at your feet!
You now have 398 gold pieces (gained 385).
Something appears at your feet!
g - the +7 crystal plate armour of the Quahog {rElec rF- rN+}
Okay, then.
You start removing your armour.
You continue taking off your +0 animal skin. x4
You finish taking off your +0 animal skin.
You start putting on your armour.
You continue putting on the +3 steam dragon scales of Love and Death {Str+3}. x5
You finish putting on the +3 steam dragon scales of Love and Death {Str+3}.
You feel stronger.
You start removing your armour.
You continue taking off the +3 steam dragon scales of Love and Death {Str+3}. x4
You finish taking off the +3 steam dragon scales of Love and Death {Str+3}.
You start putting on your armour.
You continue putting on the +7 crystal plate armour of the Quahog {rElec rF- rN+}. x5
You finish putting on the +7 crystal plate armour of the Quahog {rElec rF- rN+}.
Unknown command.
You open the door.
There is an open door here.
There is a staircase leading out of the dungeon here.
Are you sure you want to leave the Dungeon?
This will make you lose the game!
You have escaped!

#...## ###.#......###.
#.#..#####.#....(.# #.
#.##.......#.#..÷.# ##
#.########........##
#..# #.........# ##.#
#.......#.## #.#
#....(.....## #.####
#..)........#
######@######..)#......
#...........#..........
##+####'####'#..##.##...
#..#.##.).......##.##...
#..........#######..###.
#.........## ##.####
#.........#########..†..
#.......).......>....)..
#.........##############


There were no monsters in sight!

Vanquished Creatures
  A dart slug (D:1)
  An endoplasm (D:1)
  3 giant cockroaches (D:1)
  2 goblins (D:1)
  3 hobgoblins (D:1)
  3 jackals (D:1)
  2 kobolds (D:1)
  2 quokkas (D:1)
  A ball python (D:1)
  9 frilled lizards (D:1)
27 creatures vanquished.

Vanquished Creatures (others)
  7 plants (D:1)
7 creatures vanquished.

Grand Total: 34 creatures vanquished

Notes
Turn   | Place    | Note
-------+----------+-------------------------------------------
     0 | D:1      | hikkokomori the Gargoyle Berserker began the quest for the
                  | Orb.
     0 | D:1      | Reached XP level 1. HP: 14/14 MP: 1/1
    60 | D:1      | Reached XP level 2. HP: 19/19 MP: 2/2
   232 | D:1      | Reached XP level 3. HP: 23/23 MP: 3/3
   365 | D:1      | Reached ** piety under Trog
   473 | D:1      | Identified 3 scrolls of acquirement
   473 | D:1      | Acquired the +3 steam dragon scales of Love and Death
                  | {Str+3}
   475 | D:1      | Acquired 385 gold pieces
   477 | D:1      | Acquired the +7 crystal plate armour of the Quahog {rElec
                  | rF- rN+}
   529 | D:$      | Got out of the dungeon alive.

Illustrated notes

Levels and vault maps discovered:
D:1:      minmay_arrival_three_doors, layout_rooms, minmay_lizard_king

Skill      XL: |  1  2  3 |
---------------+----------+-----
Axes           | 3 |  3.0
Dodging        | 2 |  2.0
Fighting       | |  3.6
Armour         | |  2.7

Action                   || total
-------------------------++-------
Melee: Hand axe          ||    97
Invok: Berserk           ||     1
  Use: Scroll            ||     3
Armor: Animal skin       ||    41
Dodge: Dodged            ||    69

Table legend: (Time is in decaauts)
 A = Elapsed time spent in this place.
 B = Non-inter-level travel time spent in this place.
 C = Inter-level travel time spent in this place.
 D = Time resting spent in this place.
 E = Time spent auto-exploring this place.
 F = Levels seen in this place.
 G = Mean time per level.
                   A        B        C        D        E       F      G
               +--------+--------+--------+--------+--------+-----+--------+
         Total |    554 |    525 |     29 |      9 |    289 |   1 |  554.0 |
       Dungeon |    554 |    525 |     29 |      9 |    289 |   1 |  554.0 |
               +--------+--------+--------+--------+--------+-----+--------+

Top non-repeatable levels by time:
     D:1: 554 daAuts
